 Dungeon Crawl Stone Soup version 0.28-a0-1567-g1695149f81 (webtiles) character file.

Game seed: 3308132054356417363

373 parzival7114810 the Chopper (level 6, -1/53 HPs)
             Began as a Hill Orc Fighter on Jan 19, 2022.
             Was an Initiate of Yredelemnul.
             Slain by a howler monkey (5 damage)
             ... on level 4 of the Dungeon.
             The game lasted 00:12:13 (6408 turns).

parzival7114810 the Chopper (Hill Orc Fighter)      Turns: 6408, Time: 00:12:13

Health: -1/53      AC:  9    Str: 21    XL:     6   Next: 71%
Magic:  15/15      EV:  9    Int:  8    God:    Yredelemnul [......]
Gold:   153        SH:  4    Dex: 10    Spells: 5/5 levels left

rFire   . . .      SeeInvis .   a - +0 war axe
rCold   . . .      Faith    .   c - +0 buckler
rNeg    . . .      Spirit   .   b - +0 scale mail
rPois   .          Reflect  .   i - +0 helmet
rElec   .          Harm     .   j - +0 cloak
rCorr   .          Rampage  .   (no gloves)
Will    .....                   (no boots)
Stlth   ..........              (no amulet)
HPRegen 0.17/turn               g - ring of magical power
MPRegen 0.14/turn               (no ring)

@: no status effects
A: no striking features
a: Renounce Religion, Recall Undead Harvest


You were on level 4 of the Dungeon.
You worshipped Yredelemnul.
Yredelemnul was noncommittal.
You visited 2 branches of the dungeon, and saw 6 of its levels.

You collected 153 gold pieces.

Inventory:

Hand Weapons
 a - a +0 war axe (weapon)
Armour
 b - a +0 scale mail (worn)
 c - a +0 buckler (worn)
 i - a +0 helmet (worn)
 j - a +0 cloak (worn)
Jewellery
 g - a ring of magical power (left hand)
Scrolls
 h - a scroll of identify
 m - 2 scrolls of enchant armour
Potions
 e - a potion of lignification {unknown}


   Skills:
 + Level 4.5 Fighting
 + Level 6.2 Axes
 + Level 4.8 Armour
 + Level 1.2 Dodging
 + Level 0.4 Stealth
 + Level 4.1 Shields


You had 5 spell levels left.
You didn't know any spells.
Your spell library contained the following spells:

 Spells                   Type           Power      Damage    Failure   Level
 Cause Fear               Hex            0%         N/A       100%        4
 Dragon Form              Tmut           0%         N/A       100%        7
 Dragon's Call            Summ           0%         N/A       100%        9


Dungeon Overview and Level Annotations

Branches:
Dungeon (5/15)             Temple (1/1) D:4

Altars:
Ashenzari
Dithmenos
Fedhas
Gozag
Kikubaaqudgha
Nemelex Xobeh
Qazlal
Yredelemnul


Message History

Done waiting.
You start waiting.
Done waiting.
You climb downwards.
Your mindless puppet stays behind to rot.
The ogre misses you. The orc hits you but does no damage.
The howler monkey hits you. The orc closely misses you.
There is a stone staircase leading up here.
You hit the orc.
The orc is moderately wounded.
You hit the howler monkey. You hit the ogre.
The howler monkey completely misses you.
You block the ogre's attack.
The orc wizard points at you and mumbles some strange words.
The magic dart hits you! The howler monkey hits you.
The orc hits you but does no damage.
You slash the orc!
You kill the orc!
You slash the ogre! You slash the howler monkey!
The ogre hits you with a +0 giant club!
The howler monkey hits you but does no damage.
The orc wizard mumbles some strange words.
The orc wizard flickers and vanishes!
Deactivating autopickup; reactivate with Ctrl-A.
The howler monkey barely misses you. The ogre hits you with a +0 giant club!
The howler monkey hoots and howls with incredible vigour!
You hear a shout! x6
You climb upwards.
Reactivating autopickup.
There is a stone staircase leading down here.
You barely miss the howler monkey.
The howler monkey is severely wounded.
You hit the ogre. The ogre hits you with a +0 giant club!
* * * LOW HITPOINT WARNING * * *
The howler monkey hits you.
* * * LOW HITPOINT WARNING * * *
The howler monkey hits you.
You die...
Your body rises from the dead as a mindless zombie.

.###.......|.####.......##......#
..##.........#####.......#......#
..##............##......####.....
.....................##..# #..##.
#....................##..####....
#....)...............###..# #..#.
.....)[..............#...####.##.
#..................#.......#.....
................@h##..##.........
................O.[..####......##
.................[>..#......#.##.
...................#.##.....#....
..................##..........##.
..............#....#....#.....##.
###...........##.......##......#.
##...............#............##.
#...............###..............


You could see an ogre and a howler monkey.

Vanquished Creatures
  An orc warrior (D:4)
  A hound (D:4)
  A jelly (D:4)
  2 iguanas
  5 adders
  An ufetubus (D:4)
  2 worms
  2 dart slugs
  10 orcs
  10 ball pythons
  8 endoplasms
  6 giant cockroaches
  8 goblins
  8 hobgoblins
  2 quokkas
  6 bats
  5 frilled lizards
  8 kobolds
  9 rats
95 creatures vanquished.

Notes
Turn   | Place    | Note
-------+----------+-------------------------------------------
     0 | D:1      | parzival7114810 the Hill Orc Fighter began the quest for
                  | the Orb.
     0 | D:1      | Reached XP level 1. HP: 19/19 MP: 1/1
    86 | D:1      | Reached XP level 2. HP: 26/27 MP: 2/2
   246 | D:1      | Reached skill level 3 in Axes
   453 | D:1      | Reached XP level 3. HP: 33/33 MP: 3/3
  1601 | D:2      | Reached XP level 4. HP: 36/40 MP: 4/4
  1775 | D:2      | Reached skill level 4 in Axes
  3845 | D:3      | Reached XP level 5. HP: 43/43 MP: 5/5
  4406 | D:4      | Reached skill level 5 in Axes
  5811 | D:4      | Found a staircase to the Ecumenical Temple.
  5858 | Temple   | Entered the Ecumenical Temple
  5971 | Temple   | Became a worshipper of Yredelemnul the Dark
  6041 | D:5      | Entered Level 5 of the Dungeon
  6041 | D:5      | Noticed an orc warrior
  6043 | D:5      | Noticed an ogre
  6046 | D:5      | Reached skill level 1 in Dodging
  6046 | D:5      | Reached XP level 6. HP: 48/53 MP: 6/6
  6053 | D:4      | Killed an orc warrior
  6054 | D:4      | Reached skill level 6 in Axes
  6401 | D:5      | Noticed an ice beast
  6408 | D:4      | Slain by a howler monkey

Illustrated notes

Levels and vault maps discovered:
D:1:      ncdulo_smallfort, layout_rooms, minivault_5
D:2:      layout_loops_ring, serial_rivers, chequers_serial_rivers_room_a,
          chequers_serial_rivers_room_a, chequers_serial_rivers_micro_d,
          chequers_serial_rivers_small_3, chequers_serial_rivers_micro_e,
          minmay_misc_feat_doors, minmay_indecisive_spiral
D:3:      layout_loops_ring
D:4:      layout_cave_pools, minmay_temple_entry_trees
D:5:      layout_gridville
Temple:   mainiacjoe_temple_trianglar_array

Skill      XL: |  1  2  3  4  5  6 |
---------------+-------------------+-----
Axes           | 3 4 5 6 |  6.2
Fighting       | 4 |  4.5
Armour         | 4 |  4.8
Dodging        | 1 |  1.2
Shields        | 4 |  4.1
Stealth        | |  0.4

Action                   |  1- 3 |  4- 6 || total
-------------------------+-------+-------++-------
Melee: War axe           |    81 |   152 ||   233
  Use: Potion            |     2 |     5 ||     7
       Scroll            |     2 |     4 ||     6
Armor: Scale mail        |    56 |   110 ||   166
Dodge: Dodged            |    59 |    86 ||   145
Block: Buckler           |    25 |    44 ||    69

Table legend: (Time is in decaauts)
 A = Elapsed time spent in this place.
 B = Non-inter-level travel time spent in this place.
 C = Inter-level travel time spent in this place.
 D = Time resting spent in this place.
 E = Time spent auto-exploring this place.
 F = Levels seen in this place.
 G = Mean time per level.
                   A        B        C        D        E       F      G
               +--------+--------+--------+--------+--------+-----+--------+
         Total |   6484 |   5990 |    494 |   2157 |   2775 |   6 | 1080.7 |
       Dungeon |   6342 |   5869 |    473 |   2157 |   2693 |   5 | 1268.4 |
        Temple |    141 |    120 |     21 |      0 |     82 |   1 |  141.0 |
               +--------+--------+--------+--------+--------+-----+--------+

Top non-repeatable levels by time:
     D:4: 2019 daAuts
     D:2: 1851 daAuts
     D:3: 1552 daAuts
     D:1: 907 daAuts
  Temple: 141 daAuts
     D:5: 12 daAuts
